 Dungeon Crawl Stone Soup version 0.31-a0-198-g2ad674f65e (webtiles) character file.

Game seed: 2082923554570434333

237 qw the Skirmisher (level 5, -3/30 HPs)
             Began as a Deep Elf Hunter on June 25, 2023.
             Killed by divine providence
             ... invoked by an orc priest
              (12 damage)
             ... on level 3 of the Dungeon.
             The game lasted 00:00:56 (1828 turns).

qw the Skirmisher (Deep Elf Hunter)                 Turns: 1828, Time: 00:00:56

Health: -3/30      AC:  6    Str: 10    XL:     5   Next: 77%
Magic:  7/7        EV: 11    Int: 14    God:
Gold:   121        SH:  0    Dex: 18    Spells: 4/4 levels left

rFire   . . .        Y - +1 shortbow
rCold   + . .        (shield currently unavailable)
rNeg    . . .        e - +1 ring mail {rC+}
rPois   .            (no helmet)
rElec   .            (no cloak)
rCorr   .            (no gloves)
SInv    .            (no boots)
Will    .....        (no amulet)
Stlth   +            (no ring)
HPRegen 0.25/turn    (no ring)
MPRegen 0.10/turn

%: no passive effects
@: no status effects
A: no striking features
a: no special abilities


You were on level 3 of the Dungeon.
You visited 1 branch of the dungeon, and saw 4 of its levels.

You collected 121 gold pieces.


   Skills:
 - Level 2.1 Fighting
 + Level 9.1 Ranged Weapons
 - Level 2.4 Dodging
 - Level 1.2 Stealth


You had 4 spell levels left.
You didn't know any spells.
Your spell library was empty.

Inventory:

Hand Weapons
 Y - a +1 shortbow (weapon)
Armour
 e - a +1 ring mail of cold resistance (worn)
Scrolls
 b - a scroll of identify
Potions
 d - a potion of might
 h - a potion of haste {unknown}
 i - a potion of heal wounds {unknown}
 j - a potion of enlightenment {unknown}
 k - a potion of mutation {unknown}

Dungeon Overview and Level Annotations

Branches:
Dungeon (4/15)
 Temple: D:4-7

Altars:
Qazlal

Shops:
D:1 *


Message History

1818 ||| READING scroll labelled HIQEOW MIHACH.
As you read the scroll labelled HIQEOW MIHACH, it crumbles to dust.
It is a scroll of enchant weapon.
Your +0 shortbow glows red for a moment.
Done exploring.
1819 ||| READING 2 scrolls of identify.
As you read the scroll of identify, it crumbles to dust.
a - a potion of lignification
1819 ||| IDENTIFYING bubbling silvery potion Done exploring.
1820 ||| DROPPING potion of lignification.
You drop a potion of lignification.
Done exploring.
(D) Dungeon
Where to? (* - list waypoints, Enter - D:2 @ (x,y), ? - help)
What level of the Dungeon? (default 1, ? - help)
You climb downwards.
The orc closely misses you.
There is a stone staircase leading up here.
An orc is nearby!
You shoot an arrow. The arrow hits the orc!
You kill the orc!
The orc priest looks satisfied for a moment.
Enter note:
Enter note:
Enter note:
Enter note:
Enter note:
Enter note: You shoot an arrow.
The arrow hits the orc priest!
The orc priest is almost dead.
The orc priest invokes the aid of Beogh against you.
Pain shoots through your body!
You shoot an arrow.
The arrow hits the orc priest but does no damage.
The orc priest is almost dead.
The orc priest calls down the wrath of Beogh upon you.
Pain shoots through your body!
The orc priest invokes the aid of Beogh against you.
Beogh smites you!
You die...

#............###.##.###.####.
#..)..........##.##.##..###..
######.#.###...#...#.##)#..#.....
..........# #.#.......)#.#..##..
..........# #.)##o...%.....###.#
..........# ##<##..........###..
..........# .##.#...#..........##
..........##.##.#.##..o......#.#
................@..#.#.........##
...............##...........###%.
......:.....~.. ..#....#....#.(.#
####.......~7~. ####........###..
#..#..~..~.. #..#........##
###..~7~...~ ....#......#.#
####..~..~..~.. .~...#..#.....#
#....~7~...~7~ ~7~..?.##..###o.
#...>.~..~..~. .### #o.# .#


You could see an orc priest.

Vanquished Creatures
  A phantom (D:4)
  An orc priest (D:3)
  3 gnolls (D:3)
  5 adders
  5 orcs (D:3)
  11 ball pythons
  5 endoplasms
  2 giant cockroaches
  A hobgoblin (D:1)
  3 jackals (D:1)
  6 kobolds
  A quokka (D:2)
  8 bats
  2 frilled lizards
  3 goblins
  5 rats
62 creatures vanquished.

Notes
Turn   | Place    | Note
-------+----------+-------------------------------------------
     0 | D:1      | qw the Deep Elf Hunter began the quest for the Orb.
     0 | D:1      | Reached XP level 1. HP: 12/12 MP: 3/3
     0 | D:1      | 0 ||| qw: Version: 0.3-a-22-g0ed2b0b
     0 | D:1      | 0 ||| qw: Game counter: 4903
     0 | D:1      | 0 ||| qw: Melee chars always use a shield: true
     0 | D:1      | 0 ||| qw: God list: Okawaru
     0 | D:1      | 0 ||| qw: Allow faded altars: false
     0 | D:1      | 0 ||| qw: Do Orc after clearing Dungeon:15 true
     0 | D:1      | 0 ||| qw: Do second Lair branch before Depths: true
     0 | D:1      | 0 ||| qw: Lair rune preference: random
     0 | D:1      | 0 ||| qw: Goals: Normal
     0 | D:1      | 0 ||| PLANNING D:1-11
    85 | D:1      | Reached XP level 2. HP: 16/16 MP: 4/4
    86 | D:1      | Reached skill level 6 in Ranged Weapons
    91 | D:1      | Found Haiceof's General Store.
   106 | D:1      | 106 ||| SHOPLISTING +1 robe of Vines {NoPotionHeal
                  | Regen++++} (1040 gold, have 23).
   106 | D:1      | 106 ||| SHOPLISTING potion of curing (39 gold, have 23).
   106 | D:1      | 106 ||| SHOPLISTING potion of heal wounds (65 gold, have
                  | 23).
   180 | D:1      | Found a faded altar of an unknown god.
   296 | D:1      | Reached XP level 3. HP: 20/20 MP: 5/5
   401 | D:1      | 401 ||| UPGRADING to +0 ring mail.
   411 | D:1      | 411 ||| DROPPING +0 leather armour.
   412 | D:1      | 412 ||| READING scroll labelled ZUKKIM OLAL.
   417 | D:1      | 417 ||| READING scroll labelled JOCZAG TUMMU.
   418 | D:1      | 418 ||| READING scroll labelled QAAWEHE ZECW.
   419 | D:1      | 419 ||| DRINKING 2 brown potions.
   420 | D:1      | 420 ||| DROPPING scroll of butterflies.
   726 | D:2      | Reached skill level 7 in Ranged Weapons
   903 | D:2      | Reached XP level 4. HP: 25/25 MP: 6/6
   930 | D:2      | You fall into a shaft and drop 1 floor!
   930 | D:3      | Found a stormy altar of Qazlal.
   936 | D:3      | 936 ||| UPGRADING to +1 ring mail of cold resistance.
   947 | D:3      | 947 ||| DROPPING +0 ring mail.
   949 | D:3      | 949 ||| READING scroll labelled NEZIASI GYNLO.
  1007 | D:3      | 1007 ||| READING scroll labelled XULEOMM BENLIBBO.
  1008 | D:3      | 1008 ||| READING scroll labelled HIRUS UTAOXKUS.
  1052 | D:4      | Noticed a phantom
  1071 | D:4      | Killed a phantom
  1072 | D:4      | Reached skill level 8 in Ranged Weapons
  1072 | D:4      | Reached XP level 5. HP: 11/29 MP: 7/7
  1204 | D:3      | 1204 ||| DROPPING ring of flight.
  1393 | D:2      | Reached skill level 9 in Ranged Weapons
  1555 | D:2      | 1555 ||| READING scroll labelled KYKLIXTETETEC.
  1744 | D:3      | 1744 ||| FLEEEEING.
  1747 | D:3      | 1747 ||| FLEEEEING.
  1748 | D:3      | 1748 ||| FLEEEEING.
  1749 | D:3      | 1749 ||| FLEEEEING.
  1750 | D:3      | 1750 ||| FLEEEEING.
  1751 | D:3      | 1751 ||| FLEEEEING.
  1752 | D:3      | 1752 ||| FLEEEEING.
  1753 | D:3      | 1753 ||| FLEEEEING.
  1754 | D:3      | 1754 ||| FLEEEEING.
  1755 | D:3      | 1755 ||| FLEEEEING.
  1756 | D:3      | 1756 ||| FLEEEEING.
  1757 | D:3      | 1757 ||| FLEEEEING.
  1758 | D:3      | 1758 ||| FLEEEEING.
  1759 | D:3      | 1759 ||| FLEEEEING.
  1761 | D:3      | 1761 ||| STAIRDANCE
  1817 | D:2      | 1817 ||| READING scroll labelled OPHUMUXOIC.
  1818 | D:2      | 1818 ||| READING scroll labelled HIQEOW MIHACH.
  1819 | D:2      | 1819 ||| READING 2 scrolls of identify.
  1819 | D:2      | 1819 ||| IDENTIFYING bubbling silvery potion
  1820 | D:2      | 1820 ||| DROPPING potion of lignification.
  1828 | D:3      | Killed from afar by an orc priest

Levels and vault maps discovered:
D:1:      lordsloth_arrival_two_stooges, layout_rooms, serial_shops, shop,
          hellmonk_ecumenical_altar_run_dry
D:2:      layout_loops_corners
D:3:      gammafunk_wand_slinger, layout_rooms,
          nicolae_qazlal_general_emergency, kennysheep_doodads,
          minmay_starry_boxes
D:4:      layout_loops_ring, amcnicky_altar_gilded, minmay_misc_feat_chi,
          uniq_ijyb

Skill      XL: |  1  2  3  4  5 |
---------------+----------------+-----
Ranged Weapons | 6 7 8 9 |  9.1
Fighting       | 2 |  2.1
Dodging        | |  2.4
Stealth        | |  1.2

Action                     |  1- 3 |  4- 6 || total
---------------------------+-------+-------++-------
   Fire: Shortbow          |    97 |    84 ||   181
    Use: Scroll            |     3 |     7 ||    10
         Potion            |     1 |       ||     1
 Armour: Leather armour    |     8 |       ||     8
         Ring mail         |     7 |    13 ||    20
  Dodge: Dodged            |    25 |    24 ||    49

Table legend:
 A = Non-vault XP
 B = Vault XP
 C = Vault XP percentage of total XP
 D = Non-vault monster count
 E = Vault monster count
 F = Vault count percentage of total count
                 A         B        C        D         E       F
            +---------+---------+-------+---------+---------+-------
      Total |     321 |      18 |   5.3 |      58 |       4 |   6.5
            +---------+---------+-------+---------+---------+-------
        D:1 |      41 |       0 |   0.0 |      26 |       0 |   0.0
        D:2 |      59 |       0 |   0.0 |      16 |       0 |   0.0
        D:3 |     114 |      18 |  13.6 |      13 |       4 |  23.5
        D:4 |     107 |       0 |   0.0 |       3 |       0 |   0.0
            +---------+---------+-------+---------+---------+-------
